 Dungeon Crawl Stone Soup version 0.21-a0-39-g28ea6b7 (webtiles) character file.

88 KristoblXynda the Sneak (level 4, 0/31 HPs)
             Began as a Spriggan Venom Mage on June 1, 2017.
             Succumbed to an adder's poison
             ... in a sewer.
             The game lasted 00:04:37 (2048 turns).

KristoblXynda the Sneak (Spriggan Venom Mage)       Turns: 2048, Time: 00:04:38

Health: 0/31       AC: 22    Str:  5    XL:     4   Next: 30%
Magic:  10/10      EV:  4    Int: 16    God:
Gold:   133        SH:  0    Dex: 16    Spells: 6/10 levels left

rFire    . . .     SeeInvis +   p - +0 dagger
rCold    . . .     Gourm    .   (shield restricted)
rNeg     + + +     Faith    .   (armour currently unavailable)
rPois    +         Spirit   .   (helmet currently unavailable)
rElec    .         Reflect  .   (cloak currently unavailable)
rCorr    .         Harm     .   (gloves unavailable)
MR       .....     NoTele   +   (boots unavailable)
Stlth    +++.......             (no amulet)
Regen    0.1/turn               (no ring)
MPRegen  0.2/turn               (no ring)

@: lethally poisoned (0 -> -2), tree-form
A: unfitting armour, see invisible, herbivore 3, slow metabolism 2
a: no special abilities


You were in a sewer.
You were not hungry.
You were a tree.
You visited 1 branch of the dungeon, and saw 3 of its levels.
You also visited: Sewer.

You collected 133 gold pieces.

Inventory:

Hand Weapons
 p - a +0 dagger (weapon)
Armour
 a - a +0 robe (melded)
Scrolls
 d - a scroll of magic mapping {unknown}
 e - a scroll of noise {unknown}
 f - a scroll of immolation {unknown}
 i - 5 scrolls of identify {unknown}
 j - a scroll of amnesia {unknown}
 k - a scroll of random uselessness {unknown}
 l - 3 scrolls of remove curse {unknown}
 n - 2 scrolls of fear {unknown}
Potions
 m - a potion of lignification
Books
 b - a Young Poisoner's Handbook

   Spells                             Type                      Level
   a - Sting                          Conjuration/Poison           1
   b - Poisonous Vapours              Poison/Air                   2
   c - Mephitic Cloud                 Conjuration/Poison/Air       3
   d - Olgreb's Toxic Radiance        Poison                       4
   e - Venom Bolt                     Conjuration/Poison           5
Comestibles
 c - 3 bread rations
 g - 3 royal jellies


   Skills:
 + Level 1.0 Short Blades
 - Level 3.0 Dodging
 + Level 4.6 Stealth
 + Level 3.8 Spellcasting
 + Level 1.7 Conjurations
 - Level 3.0 Poison Magic


You had 6 spell levels left.
You knew the following spells:

 Your Spells              Type           Power        Failure   Level  Hunger
a - Sting                 Conj/Pois      ##..         6%          1    None
b - Mephitic Cloud        Conj/Pois/Air  #.......     26%         3    ###....


Dungeon Overview and Level Annotations

Branches:
Dungeon (3/15)

Altars:

Annotations:
D:3 tilp's ghost, amateur MfIE


Innate Abilities, Weirdness & Mutations

You are very small and have problems with some larger weapons.
You are too small for most types of armour.
You have supernaturally acute eyesight. (SInv)
You are a herbivore.
((You cover ground extremely quickly.))
You need consume almost no food.


Message History

The leopard gecko misses you.
You hit the leopard gecko but do no damage.
The leopard gecko is severely wounded.
The leopard gecko hisses menacingly.
The leopard gecko bites you.
* * * LOW HITPOINT WARNING * * *
You hit the leopard gecko but do no damage.
The leopard gecko is almost dead.
* * * LOW HITPOINT WARNING * * *
You feel sick. The leopard gecko misses you.
It was a potion of lignification.
You turn into a tree.
Your +0 robe melds into your body.
Your roots penetrate the ground.
You kill the leopard gecko!
It was a potion of magic.
Magic courses through your body.
The frilled lizard bites you but does no damage.
Unknown command.
You closely miss the frilled lizard. The frilled lizard barely misses you.
You hit the frilled lizard.
The frilled lizard is heavily wounded.
You die...

##########
.≈.≈≈≈≈†.#####
≈≈≈J≈.≈.J..∩.###
≈#########.l♣.≈#
####≈≈∩# ####


You could see an ooze and a frilled lizard.

Vanquished Creatures
  4 adders
  An ooze (Sewer)
  A worm (D:2)
  A dart slug (D:1)
  3 leopard geckos
  4 giant cockroaches
  A goblin (D:1)
  4 hobgoblins
  2 jackals (D:1)
  4 kobolds
  7 bats
  2 frilled lizards
  8 rats
42 creatures vanquished.

Notes
Turn   | Place    | Note
-------+----------+-------------------------------------------
     0 | D:1      | KristoblXynda the Spriggan Venom Mage began the quest for the Orb.
     0 | D:1      | Reached XP level 1. HP: 9/9 MP: 5/5
    65 | D:1      | Reached skill level 1 in Conjurations
   214 | D:1      | Reached XP level 2. HP: 11/13 MP: 1/7
   879 | D:2      | Reached XP level 3. HP: 16/16 MP: 3/8
  1236 | D:2      | Reached skill level 4 in Stealth
  1785 | D:3      | Noticed tilp's ghost (amateur MfIE)
  1826 | D:3      | Found a glowing drain.
  1839 | D:3      | Reached XP level 4. HP: 21/21 MP: 3/10
  1842 | Sewer    | Entered a sewer
  1860 | Sewer    | Learned a level 3 spell: Mephitic Cloud
  2037 | Sewer    | Reached skill level 1 in Short Blades
  2044 | Sewer    | HP: 1/21 [poisoned by an adder]
  2048 | Sewer    | Succumbed to an adder's poison

Vault maps used:
D:1:      dpeg_arrival_ternary
D:2:      first_bread, grunt_ministairs_2
D:3:      lemuel_round_altar, portal_sewer_entry_a, roderic_roman_lattice
Sewer:    sewer_frog_island_02

Skill      XL: |  1  2  3  4 |
---------------+-------------+-----
Conjurations   | 1 |  1.7
Spellcasting   | 3 |  3.8
Stealth        | 4 |  4.6
Short Blades   | 1 |  1.0
Dodging        | |  3.0
Poison Magic   | |  3.0

Action                   |  1- 3 |  4- 6 || total
-------------------------+-------+-------++-------
Melee: Unarmed           |     6 |       ||     6
       Short sword       |     1 |       ||     1
       Dagger            |    16 |     9 ||    25
 Cast: Sting             |    54 |    11 ||    65
  Use: Potion            |       |     2 ||     2
 Stab: Sleeping          |     3 |     1 ||     4
Armor: Robe              |     8 |       ||     8
       Skin              |       |     1 ||     1
Dodge: Dodged            |    25 |    10 ||    35
